[ PARTIDA AOE2 · #494935429 ]
UnrankedMongoles vs Bengalis
Equipo del jugador · VICT
Equipo rival · DERR
[ ANÁLISIS DE REPETICIÓN · EXTRAÍDO DE LA PARTIDA GRABADA ]
Feudal
9:30
Castillos
20:54
Imperial
—
| APM promedio | 32.1 |
| APM pico | 94 |
| eAPM promedio | 12.9 |
| Aldeanos / militares | 70 / 38 |
Foco
⚔️ 23.3% · 🌾 76.7%
Mangudai ×19 · Spearman ×15 · Mangonel ×2 · Militia ×1 · Battering Ram ×1
Feudal
9:57
Castillos
28:39
Imperial
—
| APM promedio | 34.0 |
| APM pico | 57 |
| eAPM promedio | 20.9 |
| Aldeanos / militares | 53 / 45 |
Foco
⚔️ 41.7% · 🌾 58.3%
Spearman ×15 · Archer ×13 · Skirmisher ×10 · Scout Cavalry ×3 · Mangonel ×2 · Elephant Archer ×2
Mapa de la partida
Recursos iniciales + cada clic de construcción. Líneas = muros · curvas = relieve. ◆ oro · ⬟ piedra · ● bayas · ✦ reliquia · ◌ hueco del cierre
Tu base· Abierta — flanco sin cerrar
Base de 一剑霜寒· Abierta — flanco sin cerrar
Terreno inicial suavizado · ◌ = hueco del cierre detectado · pasá el cursor para detalles
Inputs por minuto
— LOMBANA FC3797 - - 一剑霜寒
Build order — LOMBANA FC3797
Primeras 150 de 171 acciones detectadas
| 0:03 | Crear | Villager (Male) |
| 0:04 | Crear | Villager (Male) |
| 0:06 | Construir | House |
| 0:08 | Construir | House |
| 0:26 | Crear | Villager (Male) |
| 0:27 | Crear | Villager (Male) |
| 0:27 | Crear | Villager (Male) |
| 1:33 | Crear | Villager (Male) |
| 1:54 | Construir | Lumber Camp |
| 2:12 | Crear | Villager (Male) |
| 2:12 | Crear | Villager (Male) |
| 2:37 | Crear | Villager (Male) |
| 2:37 | Crear | Villager (Male) |
| 3:08 | Crear | Villager (Male) |
| 3:23 | Crear | Villager (Male) |
| 3:23 | Crear | Villager (Male) |
| 3:53 | Crear | Villager (Male) |
| 3:53 | Crear | Villager (Male) |
| 4:14 | Construir | House |
| 4:20 | Construir | House |
| 4:25 | Crear | Villager (Male) |
| 4:25 | Crear | Villager (Male) |
| 4:36 | Crear | Villager (Male) |
| 5:10 | Construir | Mill |
| 5:12 | Crear | Villager (Male) |
| 5:12 | Crear | Villager (Male) |
| 5:29 | Construir | Mill |
| 5:35 | Crear | Villager (Male) |
| 5:35 | Crear | Villager (Male) |
| 5:35 | Crear | Villager (Male) |
| 6:47 | Investigar | Loom |
| 7:20 | Investigar | Feudal Age |
| 7:20 | Investigar | Feudal Age |
| 7:40 | Construir | Mining Camp |
| 7:46 | Crear | Villager (Male) |
| 7:47 | Crear | Villager (Male) |
| 7:53 | Construir | House |
| 7:57 | Construir | House |
| 8:09 | Crear | Villager (Male) |
| 9:30 | Edad | Edad Feudal |
| 9:49 | Crear | Villager (Male) |
| 10:03 | Construir | Barracks |
| 10:08 | Crear | Villager (Male) |
| 10:34 | Crear | Spearman |
| 10:39 | Construir | Watch Tower |
| 10:45 | Crear | Villager (Male) |
| 10:53 | Construir | Blacksmith |
| 11:10 | Crear | Spearman |
| 11:18 | Construir | Watch Tower |
| 11:25 | Construir | House |
| 11:59 | Construir | Watch Tower |
| 12:05 | Crear | Spearman |
| 12:14 | Construir | Mill |
| 12:16 | Crear | Villager (Male) |
| 12:16 | Crear | Villager (Male) |
| 12:23 | Crear | Spearman |
| 13:03 | Crear | Villager (Male) |
| 13:03 | Crear | Villager (Male) |
| 13:07 | Crear | Spearman |
| 13:07 | Crear | Spearman |
| 13:39 | Crear | Villager (Male) |
| 13:39 | Crear | Villager (Male) |
| 13:45 | Crear | Spearman |
| 13:50 | Construir | House |
| 13:51 | Construir | House |
| 14:46 | Crear | Spearman |
| 15:10 | Crear | Spearman |
| 15:13 | Construir | Farm |
| 15:15 | Crear | Villager (Male) |
| 15:15 | Crear | Villager (Male) |
| 16:06 | Crear | Villager (Male) |
| 16:06 | Crear | Villager (Male) |
| 16:25 | Crear | Spearman |
| 16:32 | Crear | Villager (Male) |
| 16:39 | Construir | Market |
| 16:51 | Crear | Villager (Male) |
| 16:54 | Construir | Farm |
| 16:55 | Construir | Farm |
| 18:14 | Investigar | Castle Age |
| 18:31 | Construir | Farm |
| 18:35 | Construir | Farm |
| 18:45 | Construir | Farm |
| 19:10 | Crear | Militia |
| 19:17 | Crear | Spearman |
| 19:27 | Construir | Farm |
| 19:30 | Construir | Farm |
| 19:42 | Construir | Palisade Wall |
| 20:05 | Crear | Spearman |
| 20:49 | Crear | Spearman |
| 20:49 | Crear | Spearman |
| 20:52 | Crear | Villager (Male) |
| 20:54 | Edad | Edad de los Castillos |
| 20:55 | Investigar | Fletching |
| 21:04 | Construir | Castle |
| 21:19 | Construir | House |
| 21:22 | Construir | House |
| 21:32 | Crear | Villager (Male) |
| 21:33 | Crear | Villager (Male) |
| 21:38 | Construir | Farm |
| 21:40 | Construir | Farm |
| 21:53 | Crear | Spearman |
| 22:16 | Crear | Mangudai |
| 22:16 | Crear | Mangudai |
| 22:17 | Crear | Mangudai |
| 22:23 | Construir | Mining Camp |
| 22:40 | Crear | Mangudai |
| 22:40 | Crear | Mangudai |
| 22:49 | Crear | Villager (Male) |
| 22:49 | Crear | Villager (Male) |
| 23:15 | Crear | Villager (Male) |
| 23:44 | Investigar | Bodkin Arrow |
| 23:46 | Crear | Mangudai |
| 23:46 | Crear | Mangudai |
| 24:17 | Construir | Lumber Camp |
| 24:19 | Crear | Villager (Male) |
| 24:20 | Crear | Villager (Male) |
| 24:38 | Investigar | Padded Archer Armor |
| 24:38 | Investigar | Padded Archer Armor |
| 24:54 | Crear | Mangudai |
| 24:54 | Crear | Mangudai |
| 25:04 | Crear | Mangudai |
| 25:04 | Crear | Mangudai |
| 25:04 | Crear | Mangudai |
| 25:12 | Crear | Villager (Male) |
| 25:12 | Crear | Villager (Male) |
| 26:14 | Construir | Town Center |
| 26:17 | Crear | Villager (Male) |
| 26:18 | Crear | Villager (Male) |
| 26:21 | Crear | Mangudai |
| 26:56 | Crear | Mangudai |
| 26:56 | Crear | Mangudai |
| 26:57 | Crear | Villager (Male) |
| 26:57 | Crear | Villager (Male) |
| 27:17 | Construir | Farm |
| 27:21 | Crear | Villager (Male) |
| 27:21 | Crear | Villager (Male) |
| 28:07 | Crear | Mangudai |
| 28:08 | Crear | Mangudai |
| 28:34 | Construir | Mining Camp |
| 28:35 | Crear | Villager (Male) |
| 28:37 | Investigar | Wheelbarrow |
| 28:41 | Construir | Farm |
| 29:15 | Construir | Siege Workshop |
| 29:18 | Crear | Villager (Male) |
| 29:18 | Crear | Villager (Male) |
| 29:29 | Construir | Farm |
| 29:30 | Construir | Farm |
| 29:31 | Crear | Villager (Male) |
| 29:32 | Crear | Villager (Male) |
| 29:32 | Crear | Villager (Male) |
Build order — 一剑霜寒
Primeras 150 de 157 acciones detectadas
| 0:01 | Crear | Villager (Male) |
| 0:04 | Construir | House |
| 0:10 | Construir | House |
| 0:16 | Crear | Villager (Male) |
| 0:16 | Crear | Villager (Male) |
| 0:23 | Crear | Villager (Male) |
| 1:37 | Crear | Villager (Male) |
| 2:13 | Crear | Villager (Male) |
| 2:13 | Crear | Villager (Male) |
| 2:13 | Crear | Villager (Male) |
| 2:43 | Crear | Villager (Male) |
| 2:44 | Crear | Villager (Male) |
| 2:44 | Crear | Villager (Male) |
| 3:05 | Crear | Villager (Male) |
| 3:05 | Crear | Villager (Male) |
| 3:28 | Construir | Lumber Camp |
| 3:29 | Crear | Villager (Male) |
| 3:29 | Crear | Villager (Male) |
| 3:59 | Crear | Villager (Male) |
| 3:59 | Crear | Villager (Male) |
| 4:21 | Crear | Villager (Male) |
| 4:21 | Crear | Villager (Male) |
| 4:22 | Crear | Villager (Male) |
| 4:26 | Construir | House |
| 4:47 | Crear | Villager (Male) |
| 4:47 | Crear | Villager (Male) |
| 4:48 | Crear | Villager (Male) |
| 5:09 | Crear | Villager (Male) |
| 5:09 | Crear | Villager (Male) |
| 5:40 | Crear | Villager (Male) |
| 5:53 | Construir | Mill |
| 5:56 | Crear | Villager (Male) |
| 6:07 | Crear | Villager (Male) |
| 6:15 | Crear | Villager (Male) |
| 6:45 | Construir | House |
| 7:17 | Crear | Villager (Male) |
| 7:47 | Investigar | Feudal Age |
| 7:48 | Investigar | Feudal Age |
| 7:49 | Investigar | Loom |
| 8:36 | Construir | Barracks |
| 9:45 | Construir | Palisade Wall |
| 9:49 | Crear | Villager (Male) |
| 9:57 | Edad | Edad Feudal |
| 10:03 | Crear | Villager (Male) |
| 10:04 | Investigar | Double-Bit Axe |
| 10:21 | Construir | Stable |
| 10:54 | Crear | Villager (Male) |
| 11:00 | Crear | Villager (Male) |
| 11:20 | Crear | Spearman |
| 11:43 | Crear | Scout Cavalry |
| 11:43 | Crear | Spearman |
| 11:45 | Crear | Spearman |
| 11:51 | Construir | House |
| 12:03 | Crear | Scout Cavalry |
| 12:06 | Crear | Spearman |
| 12:29 | Crear | Spearman |
| 12:36 | Construir | House |
| 12:56 | Crear | Spearman |
| 13:04 | Crear | Spearman |
| 13:07 | Construir | House |
| 13:19 | Crear | Spearman |
| 13:19 | Crear | Scout Cavalry |
| 13:21 | Crear | Villager (Male) |
| 13:22 | Crear | Villager (Male) |
| 13:37 | Crear | Spearman |
| 13:48 | Crear | Spearman |
| 13:57 | Crear | Spearman |
| 14:25 | Crear | Spearman |
| 14:54 | Crear | Villager (Male) |
| 15:00 | Crear | Spearman |
| 15:20 | Crear | Villager (Male) |
| 15:27 | Crear | Villager (Male) |
| 16:16 | Crear | Villager (Male) |
| 16:19 | Crear | Villager (Male) |
| 16:20 | Crear | Villager (Male) |
| 16:37 | Crear | Villager (Male) |
| 16:43 | Crear | Spearman |
| 16:45 | Crear | Villager (Male) |
| 16:58 | Crear | Villager (Male) |
| 17:17 | Crear | Spearman |
| 17:39 | Construir | Lumber Camp |
| 17:57 | Construir | House |
| 18:02 | Construir | Palisade Wall |
| 18:02 | Construir | Palisade Wall |
| 18:12 | Crear | Villager (Male) |
| 18:15 | Construir | Farm |
| 18:18 | Construir | Farm |
| 18:43 | Construir | Farm |
| 18:45 | Construir | Farm |
| 18:48 | Construir | Farm |
| 18:53 | Construir | Farm |
| 18:55 | Construir | Farm |
| 19:06 | Construir | Palisade Wall |
| 19:23 | Construir | Farm |
| 19:27 | Crear | Villager (Male) |
| 19:33 | Construir | Farm |
| 19:58 | Construir | Archery Range |
| 20:01 | Crear | Villager (Male) |
| 20:03 | Construir | Farm |
| 20:10 | Construir | Farm |
| 20:33 | Crear | Villager (Male) |
| 20:37 | Crear | Villager (Male) |
| 20:44 | Construir | Lumber Camp |
| 20:59 | Crear | Villager (Male) |
| 21:17 | Crear | Archer |
| 21:17 | Crear | Archer |
| 21:34 | Construir | Watch Tower |
| 22:04 | Crear | Villager (Male) |
| 22:04 | Crear | Archer |
| 22:05 | Crear | Archer |
| 22:44 | Crear | Archer |
| 22:46 | Crear | Archer |
| 23:00 | Crear | Villager (Male) |
| 23:13 | Construir | Watch Tower |
| 23:18 | Construir | Palisade Wall |
| 23:21 | Construir | Palisade Gate |
| 23:24 | Construir | House |
| 23:33 | Construir | Palisade Wall |
| 23:35 | Construir | Palisade Wall |
| 23:39 | Construir | House |
| 23:41 | Construir | House |
| 23:42 | Construir | Palisade Wall |
| 23:49 | Crear | Archer |
| 24:55 | Construir | Palisade Wall |
| 24:56 | Construir | Palisade Wall |
| 25:55 | Construir | Blacksmith |
| 25:59 | Investigar | Castle Age |
| 25:59 | Investigar | Castle Age |
| 25:59 | Investigar | Castle Age |
| 26:10 | Crear | Archer |
| 26:18 | Crear | Archer |
| 26:50 | Construir | Market |
| 27:35 | Crear | Archer |
| 28:05 | Construir | Archery Range |
| 28:39 | Edad | Edad de los Castillos |
| 28:51 | Construir | Market |
| 29:01 | Crear | Elephant Archer |
| 29:01 | Crear | Elephant Archer |
| 29:05 | Crear | Skirmisher |
| 29:05 | Crear | Skirmisher |
| 29:05 | Crear | Skirmisher |
| 29:06 | Crear | Skirmisher |
| 29:16 | Crear | Skirmisher |
| 29:22 | Crear | Skirmisher |
| 29:23 | Crear | Skirmisher |
| 29:57 | Crear | Skirmisher |
| 29:57 | Crear | Skirmisher |
| 30:08 | Construir | Siege Workshop |
| 30:17 | Construir | Siege Workshop |
| 30:26 | Crear | Skirmisher |
Cronología de la partida
| 8:36 | 一剑霜寒 · first_building Barracks |
| 9:30 | LOMBANA FC3797 · age_up feudal |
| 9:45 | 一剑霜寒 · wall_segment Palisade Wall x1 |
| 9:57 | 一剑霜寒 · age_up feudal |
| 10:03 | LOMBANA FC3797 · first_building Barracks |
| 10:21 | 一剑霜寒 · first_building Stable |
| 17:55 | LOMBANA FC3797 · first_market_buy 100 food |
| 17:57 | LOMBANA FC3797 · first_market_sell 100 wood |
| 18:02 | 一剑霜寒 · wall_segment Palisade Wall x1 |
| 18:02 | 一剑霜寒 · wall_segment Palisade Wall x1 |
| 19:06 | 一剑霜寒 · wall_segment Palisade Wall x1 |
| 19:42 | LOMBANA FC3797 · wall_segment Palisade Wall x1 |
| 19:58 | 一剑霜寒 · first_building Archery Range |
| 20:54 | LOMBANA FC3797 · age_up castle |
| 21:04 | LOMBANA FC3797 · first_building Castle |
| 23:18 | 一剑霜寒 · wall_segment Palisade Wall x1 |
| 23:33 | 一剑霜寒 · wall_segment Palisade Wall x1 |
| 23:35 | 一剑霜寒 · wall_segment Palisade Wall x1 |
| 23:42 | 一剑霜寒 · wall_segment Palisade Wall x1 |
| 24:55 | 一剑霜寒 · wall_segment Palisade Wall x1 |
| 24:56 | 一剑霜寒 · wall_segment Palisade Wall x1 |
| 28:39 | 一剑霜寒 · age_up castle |
| 29:15 | LOMBANA FC3797 · first_building Siege Workshop |
| 29:21 | 一剑霜寒 · first_market_sell 100 wood |
| 30:08 | 一剑霜寒 · first_building Siege Workshop |
| 32:31 | 一剑霜寒 · resign |
[ ANÁLISIS IA · 1 CRÉDITO ]
¿Qué pasó realmente en esta partida?
Wolo.gg analiza cada decisión: build order, eco, micro, errores típicos por bracket. Análisis personalizado por WhatsApp o Discord en 30 segundos.
Guía civ
Mongoles
Perfil
LOMBANA FC3797